PUB
HOUSTON COLT .45S @ KINUSO BLUES
07/20/1972
 
TOP OF THE 1ST
Houston Colt .45s batting - Pitching for Kinuso Blues : RHP Barry Bennett
Pitching: RHP Barry Bennett
Batting: RHB Darby Moore 0-0: Ball
1-0: Foul Ball, location: 2F
1-1: Ball
2-1: Foul Ball, location: 9LMF
2-2: Ground out 6-3 (Groundball, 6, EV 84.4 MPH)
Batting: SHB Eric Tucker 0-0: Fly out, F4 (Line Drive, 4, EV 72.5 MPH)
Batting: RHB Virgil McDonald 0-0: Ball
1-0: Foul Ball, location: 23F
1-1: Ball
2-1: Foul Ball, location: 7LMFF
2-2: Ball
3-2: Foul Ball, location: 2F
3-2: SINGLE (Line Drive, 8RS, EV 107.5 MPH)
Batting: LHB Edgardo Vázquez 0-0: Ball
1-0: Foul Ball, location: 2F
1-1: Ball
2-1: Foul Ball, location: 5FF
2-2: Ball
3-2: Foul Ball, location: 3DF
3-2: Foul Ball, location: 7LMF
3-2: Base on Balls
Virgil McDonald to second
Batting: SHB Michael Trusty 0-0: Called Strike
0-1: Called Strike
0-2: Ball
1-2: Ground out 4-3 (Groundball, 4D, EV 90.0 MPH)
Top of the 1st over - 0 runs, 1 hit, 0 errors, 2 left on base; Houston 0 - Kinuso 0
BOTTOM OF THE 1ST
Kinuso Blues batting - Pitching for Houston Colt .45s : RHP Fred O'Brien
Pitching: RHP Fred O'Brien
Batting: RHB Jeremy Kennedy 0-0: Called Strike
0-1: Called Strike
0-2: Ball
1-2: Ball
2-2: Ball
3-2: Ground out 1-3 (Groundball, 13S, EV 66.3 MPH)
Batting: RHB Manabu Azuma 0-0: Swinging Strike
0-1: Foul Ball, location: 2F
0-2: Strikes out swinging
Batting: SHB Ken Henderson 0-0: Ball
1-0: Swinging Strike
1-1: Ball
2-1: Foul Ball, location: 2RF
2-2: Strikes out swinging
Bottom of the 1st over - 0 runs, 0 hits, 0 errors, 0 left on base; Houston 0 - Kinuso 0
TOP OF THE 2ND
Houston Colt .45s batting - Pitching for Kinuso Blues : RHP Barry Bennett
Batting: RHB Nobuhisa Fujii 0-0: Ball
1-0: Called Strike
1-1: Swinging Strike
1-2: Ball
2-2: Foul Ball, location: 7LSF
2-2: Ball
3-2: Fly out, F9 (Flyball, 89D, EV 87.5 MPH)
Batting: LHB Juan Rodríguez 0-0: Ball
1-0: Foul Ball, location: 2F
1-1: DOUBLE (Groundball, 3L, EV 100.6 MPH)
Batting: SHB Allen Brown 0-0: Called Strike
0-1: Ball
1-1: DOUBLE (Line Drive, 7LS, EV 100.0 MPH)
Juan Rodríguez scores
Batting: RHB Fred O'Brien 0-0: Foul Ball, location: 2F
0-1: Foul Ball, location: 9LDF
0-2: Ball
1-2: Foul Ball, location: 23F
1-2: Strikes out swinging
Batting: RHB Darby Moore 0-0: Ball
1-0: Ball
2-0: Ball
3-0: Called Strike
3-1: Called Strike
3-2: Base on Balls
Batting: SHB Eric Tucker 0-0: Called Strike
0-1: TRIPLE (Line Drive, 9LD, EV 108.1 MPH)
Allen Brown scores
Darby Moore scores
Batting: RHB Virgil McDonald 0-0: Foul Ball, location: 2F
0-1: Called Strike
0-2: Ball
1-2: Ball
2-2: Strikes out looking
Top of the 2nd over - 3 runs, 3 hits, 0 errors, 1 left on base; Houston 3 - Kinuso 0
BOTTOM OF THE 2ND
Kinuso Blues batting - Pitching for Houston Colt .45s : RHP Fred O'Brien
Batting: RHB Thurman Munson 0-0: TRIPLE (Line Drive, 78XD, EV 101.9 MPH)
Batting: RHB Bob Jenkins 0-0: Called Strike
0-1: Called Strike
0-2: Ball
1-2: SINGLE (Line Drive, 4D, EV 106.9 MPH)
Thurman Munson scores
Batting: RHB Juan Moreno 0-0: Ball
1-0: Ball
2-0: Fly out, F8 (Flyball, 8RD, EV 100.0 MPH)
Batting: RHB César Muñóz 0-0: Ball
1-0: Foul Ball, location: 2F
1-1: Ball
2-1: Ball
Wild Pitch!
Bob Jenkins to second
3-1: Base on Balls
Batting: RHB Steve Powell 0-0: Foul Ball, location: 7LMF
0-1: Ball
1-1: Ball
2-1: Called Strike
2-2: Strikes out swinging
Batting: RHB Barry Bennett 0-0: Foul Ball, location: 3FF
0-1: Foul Ball, location: 25F
0-2: Ball
1-2: Strikes out swinging
Bottom of the 2nd over - 1 run, 2 hits, 0 errors, 2 left on base; Houston 3 - Kinuso 1
TOP OF THE 3RD
Houston Colt .45s batting - Pitching for Kinuso Blues : RHP Barry Bennett
Batting: LHB Edgardo Vázquez 0-0: Ball
1-0: Ball
2-0: Foul Ball, location: 5FF
2-1: Ball
3-1: Foul Ball, location: 7LMF
3-2: DOUBLE (Flyball, 8RD, EV 100.0 MPH)
Batting: SHB Michael Trusty 0-0: Ball
1-0: Called Strike
1-1: Ball
2-1: Called Strike
2-2: Strikes out swinging
Batting: RHB Nobuhisa Fujii 0-0: Called Strike
0-1: Swinging Strike
0-2: Ball
1-2: Strikes out looking
Batting: LHB Juan Rodríguez 0-0: Ball
1-0: Called Strike
1-1: Foul Ball, location: 7LDF
1-2: Ball
2-2: Strikes out swinging
Top of the 3rd over - 0 runs, 1 hit, 0 errors, 1 left on base; Houston 3 - Kinuso 1
BOTTOM OF THE 3RD
Kinuso Blues batting - Pitching for Houston Colt .45s : RHP Fred O'Brien
Batting: RHB Jeremy Kennedy 0-0: Called Strike
0-1: Ball
1-1: Fly out, F8 (Flyball, 8RM, EV 92.5 MPH)
Batting: RHB Manabu Azuma 0-0: SOLO HOME RUN (Flyball, 7D, EV 96.3 MPH), Distance : 390 ft
Batting: SHB Ken Henderson 0-0: Ball
1-0: Ball
2-0: Ball
3-0: Called Strike
3-1: Foul Ball, location: 7LSFF
3-2: Base on Balls
Batting: RHB Thurman Munson 0-0: Ball
1-0: Ball
2-0: TRIPLE (Line Drive, 8LXD, EV 108.1 MPH)
Ken Henderson scores
Batting: RHB Bob Jenkins 0-0: Ball
1-0: Foul Ball, location: 5FF
1-1: Ball
2-1: Ball
3-1: Called Strike
3-2: Strikes out swinging
Batting: RHB Juan Moreno 0-0: Ball
1-0: Ball
2-0: Called Strike
2-1: Foul Ball, location: 5FF
2-2: Ball
Passed Ball!
Thurman Munson scores
3-2: Foul Ball, location: 9LDF
3-2: Ground out 5-3 (Groundball, 15, EV 83.1 MPH)
Bottom of the 3rd over - 3 runs, 2 hits, 0 errors, 0 left on base; Houston 3 - Kinuso 4
TOP OF THE 4TH
Houston Colt .45s batting - Pitching for Kinuso Blues : RHP Barry Bennett
Batting: SHB Allen Brown 0-0: Fly out, F7 (Line Drive, 7LS, EV 93.1 MPH)
Batting: RHB Fred O'Brien 0-0: Swinging Strike
0-1: Ground out 3-1 (Groundball, 34S, EV 77.5 MPH)
Batting: RHB Darby Moore 0-0: Ball
1-0: Ball
2-0: Swinging Strike
2-1: Foul Ball, location: 2F
2-2: Strikes out swinging
Top of the 4th over - 0 runs, 0 hits, 0 errors, 0 left on base; Houston 3 - Kinuso 4
BOTTOM OF THE 4TH
Kinuso Blues batting - Pitching for Houston Colt .45s : RHP Fred O'Brien
Batting: RHB César Muñóz 0-0: Called Strike
0-1: Ground out 5-3 (Groundball, 56S, EV 83.8 MPH)
Batting: RHB Steve Powell 0-0: Swinging Strike
0-1: Ball
1-1: Foul Ball, location: 2F
1-2: Foul Ball, location: 9LDF
1-2: Ball
2-2: Strikes out swinging
Batting: RHB Barry Bennett 0-0: Ball
1-0: Ball
2-0: Called Strike
2-1: Foul Ball, location: 2F
2-2: Ball
3-2: Foul Ball, location: 5F
3-2: Strikes out swinging
Bottom of the 4th over - 0 runs, 0 hits, 0 errors, 0 left on base; Houston 3 - Kinuso 4
TOP OF THE 5TH
Houston Colt .45s batting - Pitching for Kinuso Blues : RHP Barry Bennett
Batting: SHB Eric Tucker 0-0: Foul Ball, location: 2F
0-1: Foul Ball, location: 25F
0-2: Foul Ball, location: 7LDF
0-2: Ball
1-2: Strikes out swinging, 2-3 out at first.
Batting: RHB Virgil McDonald 0-0: Ground out 6-3 (Groundball, 6M, EV 103.8 MPH)
Batting: LHB Edgardo Vázquez 0-0: Called Strike
0-1: SINGLE (Line Drive, 56, EV 99.4 MPH)
Batting: SHB Michael Trusty 0-0: Ball
1-0: Swinging Strike
1-1: Ball
2-1: Fielders Choice at 2nd, 6-4 (Groundball, 6, EV 84.4 MPH)
Top of the 5th over - 0 runs, 1 hit, 0 errors, 1 left on base; Houston 3 - Kinuso 4
BOTTOM OF THE 5TH
Kinuso Blues batting - Pitching for Houston Colt .45s : RHP Fred O'Brien
Batting: RHB Jeremy Kennedy 0-0: Ball
1-0: Ball
2-0: Called Strike
2-1: Foul Ball, location: 2F
2-2: Ball
3-2: Hit by Pitch
Batting: RHB Manabu Azuma 0-0: Bunted foul
0-1: Ball
1-1: Bunted foul
1-2: Foul Ball, location: 9LMF
1-2: Ball
2-2: Grounds into double play, 6-4-3 (Groundball, 6, EV 96.9 MPH)
Batting: SHB Ken Henderson 0-0: Ball
1-0: Reached via error on a dropped throw from 2B, E3 (Groundball, 4, EV 85.0 MPH)
Batting: RHB Thurman Munson 0-0: Ball
1-0: Ball
2-0: 2-RUN HOME RUN (Line Drive, 78XD, EV 111.9 MPH), Distance : 436 ft
Pitching: RHP Claudio Torres
Batting: RHB Bob Jenkins 0-0: Called Strike
0-1: SINGLE (Line Drive, 34, EV 95.6 MPH)
Batting: RHB Juan Moreno 0-0: Ball
1-0: Foul Ball, location: 3SF
1-1: SINGLE (Line Drive, 4D, EV 93.8 MPH)
Bob Jenkins to second
Runner from 2nd tries for 3rd, SAFE, throw by CF made to third
Batting: RHB César Muñóz 0-0: Ball
1-0: Called Strike
1-1: Ball
2-1: Called Strike
2-2: Strikes out swinging
Bottom of the 5th over - 2 runs, 3 hits, 1 error, 2 left on base; Houston 3 - Kinuso 6
TOP OF THE 6TH
Houston Colt .45s batting - Pitching for Kinuso Blues : RHP Barry Bennett
Batting: RHB Nobuhisa Fujii 0-0: Fly out, F8 (Flyball, 8RXD, EV 104.4 MPH)
Batting: LHB Juan Rodríguez 0-0: Ground out 5-3 (Groundball, 56S, EV 73.8 MPH)
Batting: SHB Allen Brown 0-0: Ball
1-0: Called Strike
1-1: Ground out 2-3 (Groundball, 2L, EV 68.1 MPH)
Top of the 6th over - 0 runs, 0 hits, 0 errors, 0 left on base; Houston 3 - Kinuso 6
BOTTOM OF THE 6TH
Kinuso Blues batting - Pitching for Houston Colt .45s : RHP Claudio Torres
Batting: RHB Steve Powell 0-0: Ground out 3-1 (Groundball, 34, EV 106.9 MPH)
Batting: RHB Barry Bennett 0-0: Ground out 4-3 (Groundball, 34, EV 100.0 MPH)
Batting: RHB Jeremy Kennedy 0-0: Ball
1-0: Ball
2-0: Called Strike
2-1: SINGLE (Groundball, 3S, EV 68.1 MPH) (infield hit)
Batting: RHB Manabu Azuma 0-0: Ball
1-0: Swinging Strike
1-1: Swinging Strike
1-2: Strikes out swinging
Bottom of the 6th over - 0 runs, 1 hit, 0 errors, 1 left on base; Houston 3 - Kinuso 6
TOP OF THE 7TH
Houston Colt .45s batting - Pitching for Kinuso Blues : RHP Barry Bennett
Pinch Hitting: LHB Joe L Morgan 0-0: Ball
1-0: Called Strike
1-1: Ball
2-1: SINGLE (Line Drive, 9S, EV 110.0 MPH)
Batting: RHB Darby Moore 0-0: Ball
Joe L Morgan is caught stealing 2nd base 2-4
1-0: Ball
2-0: Ball
3-0: Called Strike
3-1: Called Strike
3-2: Fly out, F8 (Line Drive, 8LM, EV 87.5 MPH)
Batting: SHB Eric Tucker 0-0: Called Strike
0-1: Swinging Strike
0-2: Ball
1-2: Strikes out swinging
Top of the 7th over - 0 runs, 1 hit, 0 errors, 0 left on base; Houston 3 - Kinuso 6
BOTTOM OF THE 7TH
Kinuso Blues batting - Pitching for Houston Colt .45s : RHP Claudio Torres
Pitching: RHP Yoshifumi Tada
Batting: SHB Ken Henderson 0-0: Called Strike
0-1: Foul Ball, location: 7LMF
0-2: Ball
1-2: Ball
2-2: Fly out, F8 (Flyball, 8LXD, EV 104.4 MPH)
Batting: RHB Thurman Munson 0-0: SINGLE (Line Drive, 56D, EV 97.5 MPH)
Batting: RHB Bob Jenkins 0-0: Ball
1-0: Foul Ball, location: 3FF
1-1: SINGLE (Groundball, 34D, EV 108.1 MPH)
Thurman Munson to second
Runner from 2nd tries for 3rd, SAFE, no throw by RF
Batting: RHB Juan Moreno 0-0: Called Strike
0-1: Fly out, F9 (Line Drive, 89M, EV 85.0 MPH)
Runner from 3rd tags up, SCORES, throw by RF
Batting: RHB César Muñóz 0-0: Swinging Strike
0-1: Foul Ball, location: 2F
0-2: Ball
1-2: Fly out, F5 (Line Drive, 5L, EV 70.0 MPH)
Bottom of the 7th over - 1 run, 2 hits, 0 errors, 1 left on base; Houston 3 - Kinuso 7
TOP OF THE 8TH
Houston Colt .45s batting - Pitching for Kinuso Blues : RHP Barry Bennett
Pitching: RHP Yoshihide Ito
Batting: RHB Virgil McDonald 0-0: Ball
1-0: Swinging Strike
1-1: Swinging Strike
1-2: Ball
2-2: Foul Ball, location: 2F
2-2: Strikes out looking
Batting: LHB Edgardo Vázquez 0-0: SINGLE (Line Drive, 9LS, EV 105.0 MPH)
Batting: SHB Michael Trusty 0-0: SINGLE (Flyball, 5D, EV 83.1 MPH)
Edgardo Vázquez to second
Batting: RHB Nobuhisa Fujii 0-0: Ball
1-0: 3-RUN HOME RUN (Flyball, 7D, EV 103.8 MPH), Distance : 383 ft
Pitching: LHP Ken Brett
Now at 2B: Andy Stevens
Pinch Hitting: RHB Jeremy Williams 0-0: Called Strike
0-1: Ball
1-1: Foul Ball, location: 2F
1-2: Ball
2-2: Foul Ball, location: 5FF
2-2: Strikes out swinging
Batting: SHB Allen Brown 0-0: Ball
1-0: Ball
2-0: Ball
3-0: Called Strike
3-1: Called Strike
3-2: Foul Ball, location: 9LDF
3-2: Ground out 6-3 (Groundball, 56S, EV 70.6 MPH)
Top of the 8th over - 3 runs, 3 hits, 0 errors, 0 left on base; Houston 6 - Kinuso 7
BOTTOM OF THE 8TH
Kinuso Blues batting - Pitching for Houston Colt .45s : RHP Yoshifumi Tada
Now in CF: Bob Saverine
Batting: RHB Steve Powell 0-0: Called Strike
0-1: Ball
1-1: Called Strike
1-2: Foul Ball, location: 5FF
1-2: Strikes out swinging
Batting: LHB Ken Brett 0-0: Ball
1-0: Ground out 6-3 (Groundball, 6S, EV 69.4 MPH)
Batting: RHB Jeremy Kennedy 0-0: Ball
1-0: Foul Ball, location: 3FF
1-1: Ball
2-1: Ball
3-1: Foul Ball, location: 3F
3-2: Fly out, F7 (Line Drive, 7S, EV 93.1 MPH)
Bottom of the 8th over - 0 runs, 0 hits, 0 errors, 0 left on base; Houston 6 - Kinuso 7
TOP OF THE 9TH
Houston Colt .45s batting - Pitching for Kinuso Blues : LHP Ken Brett
Now at SS: Steve Powell
Now in RF: Ricardo Vivo
Pinch Hitting: RHB Ching Yo 0-0: Ball
1-0: Foul Ball, location: 2F
1-1: Ball
2-1: Foul Ball, location: 2RF
2-2: Foul Ball, location: 2F
2-2: Foul Ball, location: 9LMF
2-2: Ball
3-2: Ground out 4-3 (Groundball, 4, EV 83.1 MPH)
Batting: RHB Darby Moore 0-0: Ball
1-0: Called Strike
1-1: Ball
2-1: Foul Ball, location: 5FF
2-2: Foul Ball, location: 9LMF
2-2: DOUBLE (Flyball, 78XD, EV 111.9 MPH)
Batting: SHB Eric Tucker 0-0: Called Strike
0-1: Foul Ball, location: 3F
0-2: Foul Ball, location: 23F
0-2: Ball
Passed Ball!
Darby Moore to third
1-2: Ground out 6-3 (Groundball, 6, EV 94.4 MPH)
Batting: RHB Virgil McDonald 0-0: Ball
1-0: Foul Ball, location: 5DF
1-1: Swinging Strike
1-2: Strikes out looking
Top of the 9th over - 0 runs, 1 hit, 0 errors, 1 left on base; Houston 6 - Kinuso 7
Thursday, April 11th , 2024 - OOTP Baseball 24.8 Build 75